 Dungeon Crawl Stone Soup version 0.17-a0-1914-gde4187c (webtiles) character file.

278 mcbry74 the Covert (level 6, 0/36 HPs)
             Began as a Kobold Assassin on Sept 26, 2015.
             Slain by Duvessa
             ... wielding a +0 rapier
              (15 damage)
             ... on level 4 of the Dungeon.
             The game lasted 00:25:50 (3021 turns).

mcbry74 the Covert (Kobold Assassin)                Turns: 3021, Time: 00:25:50

Health: 0/36       AC:  4    Str: 10    XL:     6   Next: 51%
Magic:  6/6        EV: 15    Int:  9    God:
Gold:   239        SH:  0    Dex: 19    Spells: 0 memorised, 5 levels left

rFire  . . .     SeeInvis .     n - +1 dagger (venom)
rCold  . . .     Clarity  .     c - +0 robe
rNeg   . . .     SustAt   .     (shield restricted)
rPois  .         Gourm    .     v - +0 helmet
rElec  .         Spirit   .     d - +0 cloak
rCorr  .         Warding  .     (no gloves)
rMut   .         Stasis   .     (no boots)
MR     .....                    (no amulet)
Stlth  ++++++....               (no ring)
                                m - ring of stealth

@: not resistant to hostile enchantments, very stealthy
A: carnivore 3
a: no special abilities


You were on level 4 of the Dungeon.
You were not hungry.

You visited 1 branch of the dungeon, and saw 4 of its levels.

You collected 239 gold pieces.

Inventory:

Hand weapons
 a - a +2 dagger
 b - a +0 blowgun
 n - a +1 dagger of venom (weapon)
Missiles
 e - 11 poisoned needles
 f - 2 curare-tipped needles
 w - 4 tomahawks (quivered)
Armour
 c - a +0 robe (worn)
 d - a +0 cloak (worn)
 v - a +0 helmet (worn)
Jewellery
 i - an uncursed amulet of the gourmand {unknown}
 m - a ring of stealth (left hand)
Scrolls
 j - a scroll of blinking {unknown}
 k - 2 scrolls of teleportation
 o - 2 scrolls of recharging
 p - a scroll of amnesia {unknown}
 q - a scroll of magic mapping {unknown}
 r - 2 scrolls of remove curse {unknown}
 s - 2 scrolls of identify
Potions
 h - a potion of brilliance
 l - a potion of poison {unknown}
Comestibles
 g - 2 meat rations
 t - a slice of pizza
 u - 2 beef jerkies
 x - 7 chunks of flesh
 z - a bread ration


   Skills:
 + Level 2.3 Fighting
 * Level 4.2 Short Blades
 + Level 4.0 Throwing
 + Level 2.3 Dodging
 + Level 8.4 Stealth


You had 5 spell levels left.
You didn't know any spells.

Dungeon Overview and Level Annotations

Branches:
Dungeon (4/15)
 Temple: D:4-7

Altars:
Fedhas
Trog
The Shining One

Annotations:
D:4 Duvessa, Natasha


Innate Abilities, Weirdness & Mutations

You are small and have problems with some larger weapons.
You are carnivorous and can eat meat at any time.


Message History

Wield which item (- for none, * to show all)? (? for menu, Esc to quit)
It begins to drip with poison!
n - a +1 dagger of venom (weapon)
Duvessa rages.
You hear an angry hiss.
You hear a shout!
Duvessa hits you with a rapier.
You hit Duvessa but do no damage.
Duvessa looks even sicker.
Duvessa is lightly wounded.
Duvessa barely misses you.
You hear a bark!
Natasha, Servant of Life and Death comes into view.
Duvessa hits you but does no damage.
You hear a bark!
A jackal comes into view.
Natasha casts a spell.
Duvessa hits you with a rapier! Duvessa misses you.
You hear a bark!
Duvessa hits you with a rapier!
You die...

#..# #).# ##.##
#..h##### #.#.#...##
#.#......##
#.#.......#
#.#..e....#
..#..@)...#
####.....## ##.....##
#.......# ###<......#
.##### #.........#
.....######.##.....##
#........###...##
#####.....#### #####


You could see Duvessa (berserk) and Natasha.

Vanquished Creatures
  An ogre (D:4)
  Dowan (D:4)
  An orc wizard (D:3)
  2 adders
  2 oozes (D:1)
  2 worms
  5 giant geckos
  4 orcs (D:3)
  8 bats
  3 giant cockroaches
  5 goblins
  10 hobgoblins
  15 jackals
  A quokka (D:3)
  2 ball pythons
  4 giant newts
  7 kobolds
  7 rats
80 creatures vanquished.

Notes
Turn   | Place    | Note
--------------------------------------------------------------
     0 | D:1      | mcbry74 the Kobold Assassin began the quest for the Orb.
     0 | D:1      | Reached XP level 1. HP: 12/12 MP: 1/1
   116 | D:1      | Reached XP level 2. HP: 17/17 MP: 2/2
   193 | D:1      | Reached skill level 6 in Stealth
   217 | D:1      | Reached XP level 3. HP: 21/21 MP: 3/3
  1078 | D:2      | Reached XP level 4. HP: 26/26 MP: 4/4
  1301 | D:2      | Reached skill level 7 in Stealth
  1928 | D:3      | Reached XP level 5. HP: 25/30 MP: 5/5
  1933 | D:3      | Found a blossoming altar of Fedhas.
  2689 | D:3      | Found a bloodstained altar of Trog.
  2826 | D:4      | Noticed an ogre
  2840 | D:4      | Found a glowing golden altar of the Shining One.
  2849 | D:4      | Killed an ogre
  2849 | D:4      | Reached skill level 8 in Stealth
  2849 | D:4      | Reached XP level 6. HP: 24/36 MP: 6/6
  2986 | D:4      | Noticed Dowan
  3007 | D:4      | Killed Dowan
  3008 | D:4      | Noticed Duvessa
  3015 | D:4      | Noticed Natasha
  3021 | D:4      | Slain by Duvessa

Vault maps used:
D:1:      dpeg_arrival_simpleton_a
D:2:      first_bread
D:3:      old_standard_altar, lemuel_coloured_pillars_altar, kennysheep_path_1,
          minmay_misc_feat_rows
D:4:      overflow_temple_1_default, temple_pool_a, serial_shops, shop, shop,
          uniq_natasha, uniq_menkaure, uniq_duvessa

Action                   |  1- 3 |  4- 6 || total
-------------------------+-------+-------++-------
Melee: Dagger            |    41 |    54 ||    95
 Fire: Blowgun           |    24 |    26 ||    50
Throw: Tomahawk          |       |     9 ||     9
  Use: Scroll            |     5 |       ||     5
       Potion            |     1 |       ||     1
 Stab: Sleeping          |    24 |    19 ||    43
       Distracted        |     1 |     1 ||     2
  Eat: Chunk             |       |     7 ||     7
